[Event "*** Titled Tuesday Blitz"]
[Site "Chess.com"]
[Date "2021.02.09"]
[Round "3"]
[White "Reader777"]
[Black "hypert"]
[Result "1-0"]
[WhiteElo "2805"]
[BlackElo "2512"]
[TimeControl "180+1"]
[EndTime "10:29:22 PST"]
[Termination "Reader777 won by resignation"]

1. d4 d5 2. c4 c6 3. Nf3 Nf6 4. g3 Bf5 5. Bg2 e6 6. O-O h6 7. Nc3 Nbd7 8. Nd2 Be7 9. e4 dxe4 10.
Ndxe4 O-O 11. h3 Nxe4 12. Nxe4 Nf6 13. Nc3 Rc8 14. Be3 b6 15. Qe2 c5 16. Rfd1 cxd4 17.
Bxd4 Qc7 18. b3 a6 19. Rac1 Nd7 20. Nd5 exd5 21. Qxe7 dxc4 22. Rxc4 Qb8 23. Rxc8 Qxc8 24.
g4 Be6 25. Be3 Re8 26. Qd6 Nf6 27. Rc1 Qd8 28. Qxd8 Rxd8 29. Bxb6 Rd2 30. Ra1 Nd5 31.
Bc5 Nf4 32. Be3 Ne2+ 33. Kf1 Rb2 34. Bf3 Nc3 35. Bd4 Rc2 36. Bxc3 Rxc3 37. Kg2 h5 38.
gxh5 Bxh3+ 39. Kxh3 Rxf3+ 40. Kg2 Rf5 41. b4 Rxh5 42.
a4 Rh4 43. Rb1 g5 44. b5 axb5 45. axb5 Rd4 46. b6 Rd8 47. Kf3 f5 48. Ke3 Kf7 49.
b7 Rb8 50. Rb6 Ke7 51. Kd4 Kd7 52. Ke5 Kc7 53. Rb1 f4 54. Kf5 f3 55. Kxg5 Rxb7 56. Rxb7+ Kxb7 57. Kf4 Kc6 58. Kxf3 Kd6 59. Kg4 Ke6 60. Kg5 Kf7 61. Kf5 Kg7 62. Ke6 Kf8 63.
Kf6 Ke8 64. f4 Kf8 65. f5 Ke8 66. Kg7 Ke7 67. f6+ 1-0

[Event "*** Titled Tuesday Blitz"]
[Site "Chess.com"]
[Date "2021.02.09"]
[Round "3"]
[White "HanSchut"]
[Black "sokidze"]
[Result "0-1"]
[WhiteElo "2289"]
[BlackElo "2512"]
[TimeControl "180+1"]
[EndTime "10:29:22 PST"]
[Termination "sokidze won on time"]

1. e4 c5 2. Nf3 Nc6 3. d4 cxd4 4.
Nxd4 g6 5. c4 Nf6 6. Nc3 d6 7.
Be2 Nxd4 8. Qxd4 Bg7 9. Bg5 O-O 10. Qd2 Be6 11. Rc1 Qa5 12. O-O Rfc8 13. b3 a6 14.
f4 b5 15. f5 Bd7 16. e5 b4 17. exf6 bxc3 18. Qe3 exf6 19. Bf4 Re8 20. Qf2 Bxf5 21. Bxd6 Qxa2 22. Bf3 Qxf2+ 23. Rxf2 Rad8 24. c5 c2 25. g4 Bd3 26. Rd2 Bh6 27. Rcxc2 Bxc2 28. Rxc2 Be3+ 29.
Kg2 Bd4 30. Be2 a5 31. Bb5 Re6 32. Bc7 Rc8 33. Bxa5 Rxc5 34. Rd2 Bc3 35. Rd8+ Kg7 36.
Bxc3 Rxc3 37. Bc4 Re7 38. Rd2 Ra7 39. h3 Re3 40. Kf2 Ree7 41. Kg3 Red7 42. Re2 Rd4 43. Kf3 Rb7 0-1

[Event "*** Titled Tuesday Blitz"]
[Site "Chess.com"]
[Date "2021.02.09"]
[Round "3"]
[White "KubaGepard"]
[Black "FMalexhdez"]
[Result "1-0"]
[WhiteElo "2353"]
[BlackElo "2170"]
[TimeControl "180+1"]
[EndTime "10:29:22 PST"]
[Termination "KubaGepard won on time"]

1. e4 c5 2. Nf3 d6 3. Nc3 Nf6 4. d4 cxd4 5. Nxd4 a6 6. Be3 e5 7. Nf3 Be7 8. Bc4 Be6 9. Bb3 O-O 10. a4 Ng4 11. Nd5 Nxe3 12. Nxe3 Nd7 13. O-O Nc5 14. Bd5 Qc7 15. a5 Rac8 16. c3 g6 17. Nd2 Nd3 18. Ndc4 Nf4 19. Nb6 Rcd8 20. g3 Nxd5 21. Nexd5 Bxd5 22.
Nxd5 Qd7 23. Ra4 f5 24. Rb4 fxe4 25. Qe2 Bg5 26. Qxe4 Rf7 27. h4 Bh6 28. Qc4 Kg7 29. Kg2 Rdf8 30. Rb6 Qe6 31. Qe4 Rc8 32. Ne3 Rc5 33.
b4 Bxe3 34. bxc5 Bxc5 35. Rxb7 d5 36. Rxf7+ Kxf7 37. Qf3+ Kg7 38. Rb1 e4 39. Rb7+ Kg8 40.
Qf4 Bd6 41. Qh6 Qf6 42. Rb6 e3 43. fxe3 Qe5 44. Qf4 1-0

[Event "*** Titled Tuesday Blitz"]
[Site "Chess.com"]
[Date "2021.02.09"]
[Round "3"]
[White "KafkaesqueKnight"]
[Black "DanielTitichoca"]
[Result "1-0"]
[WhiteElo "2096"]
[BlackElo "2299"]
[TimeControl "180+1"]
[EndTime "10:29:22 PST"]
[Termination "KafkaesqueKnight won on time"]

1. d4 g6 2. c4 Bg7 3. Nc3 d6 4. e4 Nf6 5. Nge2 O-O 6. Ng3 c5 7. d5 e6 8. Be2 exd5 9. cxd5 Re8 10. O-O h5 11. f3 a6 12. a4 Nbd7 13. Bg5 Qa5 14. Qd2 Nh7 15. Bh6 Bd4+ 16. Be3 h4 17.
Nh1 Bh8 18. Nf2 f5 19. Bd3 Ne5 20. Kh1 Nf6 21. Be2 Qb4 22. Bg5 Nc4 23. Bxc4 Qxc4 24. Bxh4 Nh7 25. Qh6 Nf8 26. Nh3 Bg7 27. Qg5 Bd7 28.
Nf4 fxe4 29. Nxe4 Bf5 30. Nxd6 Re5 31. Rfe1 Qb4 32. Rxe5 Bxe5 33. Nxf5 Qxf4 34. Ne7+ Kf7 35. Qxf4+ Bxf4 36. Rd1 Bd6 37. Re1 1-0

[Event "*** Titled Tuesday Blitz"]
[Site "Chess.com"]
[Date "2021.02.09"]
[Round "3"]
[White "ChessWarrior7197"]
[Black "VMikhalevski"]
[Result "1-0"]
[WhiteElo "2956"]
[BlackElo "2690"]
[TimeControl "180+1"]
[EndTime "10:29:24 PST"]
[Termination "ChessWarrior7197 won on time"]

1. e4 e5 2. Nf3 Nc6 3. Bb5 a6 4. Bxc6 dxc6 5. O-O Ne7 6. Nxe5 Qd4 7. Nf3 Qxe4 8. Re1 Qg4 9. Nc3 Bf5 10. h3 Qb4 11. d3 O-O-O 12. Ne5 Be6 13. a3 Qh4 14. Nf3 Qh5 15.
Re5 Qg6 16. Rg5 Qh6 17. Rf5 Qxc1 18. Rxc1 Nxf5 19. Ng5 Nd4 20. Ne2 Be7 21. Nxd4 Bxg5 22. Nxe6 fxe6 23. Rb1 Bf6 24. b4 Rd5 25. a4 Rhd8 26.
Qg4 R8d6 27. Qe4 h5 28. g3 Re5 29. Qg6 b6 30. b5 cxb5 31. axb5 a5 32. h4 Rc5 33. c4 Rf5 34. Re1 a4 35. Rxe6 Rxe6 36. Qxf5 Kd7 37. c5 bxc5 38. Qd5+ Rd6 39. Qxc5 Bb2 40.
Qf5+ Kd8 41. Qxh5 a3 42. Qf7 Kc8 43. Qc4 Kb7 44. h5 Rd4 45. Qc6+ Kb8 46. Kg2 a2 47. b6 Rd7 48. Qxd7 cxb6 49. Qd8+ Ka7 50. Qc7+ Ka6 51. Qc4+ 1-0

[Event "*** Titled Tuesday Blitz"]
[Site "Chess.com"]
[Date "2021.02.09"]
[Round "3"]
[White "csati17"]
[Black "kekic76"]
[Result "1-0"]
[WhiteElo "2563"]
[BlackElo "2383"]
[TimeControl "180+1"]
[EndTime "10:29:24 PST"]
[Termination "csati17 won by resignation"]

1. Nf3 d5 2. c4 dxc4 3. g3 c5 4. Bg2 Nc6 5. O-O Nf6 6. Na3 e6 7.
Nxc4 Be7 8. b3 O-O 9. Bb2 Nd5 10. d4 Bf6 11. e4 Nc7 12. dxc5 Bxb2 13. Nxb2 e5 14.
Nc4 f6 15. Qxd8 Rxd8 16. Rfd1 Bg4 17. Rxd8+ Rxd8 18. Nd6 Bxf3 19. Bxf3 Nd4 20. Bg4 b6 21. cxb6 axb6 22. Nc4 b5 23. Ne3 Ra8 24. Rc1 Ne8 25. Kg2 Nd6 26. Rc7 Rxa2 27. Bf3 Nxb3 28. Nf5 Nc4 29. Rxg7+ Kf8 30. Rb7 Nbd2 31. Rxb5 Nxf3 32. Kxf3 Nd2+ 33. Kg4 Nxe4 34. f3 Ng5 35. h4 Ne6 36. Rb7 Nd4 37. Rxh7 Nxf5 38. Kxf5 Rg2 39. Kxf6 Rxg3 40.
Rh8+ Rg8 41. Rxg8+ Kxg8 42. Kxe5 Kf7 43. f4 Ke7 44. f5 Kf7 45. f6 Ke8 46. Ke6 Kf8 47.
f7 Kg7 48. Ke7 Kg6 49. f8=Q Kh5 50. Qg7 Kxh4 51. Kf6 Kh3 52. Qg5 Kh2 53. Kf5 Kh1 1-0

[Event "*** Titled Tuesday Blitz"]
[Site "Chess.com"]
[Date "2021.02.09"]
[Round "3"]
[White "Sofiia_Hryzlova"]
[Black "GM_LOADING"]
[Result "1-0"]
[WhiteElo "2268"]
[BlackElo "2457"]
[TimeControl "180+1"]
[EndTime "10:29:24 PST"]
[Termination "Sofiia_Hryzlova won by resignation"]

1. d4 Nf6 2. Nf3 e6 3. g3 b5 4.
a4 b4 5. c4 Bb7 6. Bg2 c5 7.
e3 Na6 8. O-O Rc8 9. d5 exd5 10.
cxd5 Bxd5 11. e4 Bxe4 12. Re1 Be7 13. Bg5 d5 14. Bxf6 Bxf6 15. Nbd2 O-O 16. Qe2 c4 17.
Nxe4 dxe4 18. Qxe4 Bxb2 19. Rad1 c3 20. Rxd8 Rfxd8 21. Nd4 Nc5 22. Qg4 Nd3 23. Rd1 b3 24. Nf5 c2 25. Ne7+ Kf8 26. Nxc8 h5 27. Qe2 Rxc8 28. Qxd3 cxd1=Q+ 29. Qxd1 Rc1 30. Bf3 Rxd1+ 31. Bxd1 Ke7 32. Bxb3 f6 33. Kf1 h4 34. Ke2 Kd6 35. Kf3 Kc5 36. Bf7 Kb4 37. Be8 Bd4 38. Kg4 Bxf2 39.
Kxh4 Kc5 40. Kh5 g5 41. Kg6 Bd4 42. Kf5 Kb4 43. h4 gxh4 44. gxh4 Kc3 45. h5 Be3 46. Kxf6 Kd4 47. Kg6 1-0

[Event "*** Titled Tuesday Blitz"]
[Site "Chess.com"]
[Date "2021.02.09"]
[Round "3"]
[White "PawnEatingZombie"]
[Black "MillyNeuf"]
[Result "1-0"]
[WhiteElo "2119"]
[BlackElo "2308"]
[TimeControl "180+1"]
[EndTime "10:29:24 PST"]
[Termination "PawnEatingZombie won by checkmate"]

1. d4 Nf6 2. c4 e6 3. Nc3 Bb4 4. Qc2 O-O 5. e4 d5 6. e5 Ne4 7. Bd3 c5 8. Nf3 cxd4 9. Nxd4 Nd7 10. Bf4 Qh4 11. g3 Qh5 12. h4 Ndc5 13. Be2 Nxc3 14. bxc3 Qg6 15. cxb4 Qxc2 16. Nxc2 Ne4 17. Bf3 Bd7 18.
Bxe4 dxe4 19. O-O-O Ba4 20. Rd6 Rac8 21. Ne3 Rfd8 22. Kb2 Kf8 23. c5 Ke7 24. Bg5+ f6 25. exf6+ gxf6 26. Bf4 e5 27. Nd5+ Kf7 28. Be3 Rxd6 29.
cxd6 Rc2+ 30. Ka3 b5 31. Rc1 Rxc1 32. Bxc1 Ke6 33. Nc3 Bc2 34. Nxb5 a6 35. Nc7+ Kxd6 36. Nxa6 f5 37. Nc5 Kd5 38. Kb2 Bd1 39. Kc3 Bh5 40.
a4 Be8 41. a5 Bb5 42. a6 Kc6 43. Bg5 Kb6 44. Bf6 Bxa6 45. Nxa6 Kxa6 46. Bxe5 Kb5 47. Bd6 h5 48. Kd4 Kc6 49. Bc5 e3 50. fxe3 f4 51. exf4 Kd7 52. Ke5 Ke8 53. Kf6 Kd7 54. Kg5 Kc6 55.
Kxh5 Kd7 56. Kg6 Ke8 57. Kg7 Kd7 58. h5 Ke6 59. h6 Kf5 60. h7 Kg4 61. h8=Q Kf3 62. f5 Kg2 63. f6 Kf3 64. f7 Kg2 65. f8=Q Kxg3 66. Qd6+ Kg2 67. Qa8+ Kf1 68. Qa2 Ke1 69.
Qdd2+ Kf1 70. Qf2# 1-0

[Event "*** Titled Tuesday Blitz"]
[Site "Chess.com"]
[Date "2021.02.09"]
[Round "3"]
[White "ShahMatKanal"]
[Black "PattyCastillo"]
[Result "1-0"]
[WhiteElo "2470"]
[BlackElo "2050"]
[TimeControl "180+1"]
[EndTime "10:29:25 PST"]
[Termination "ShahMatKanal won on time"]

1. e4 c5 2. a3 d6 3. b4 cxb4 4. axb4 Nf6 5. Nc3 a6 6. Nf3 e5 7.
Bc4 Be7 8. O-O O-O 9. d3 Nc6 10. Ba3 Bg4 11. h3 Bh5 12. Nb1 d5 13. exd5 Nxd5 14.
b5 axb5 15. Bxe7 Ndxe7 16. Rxa8 Qxa8 17. Bxb5 Nd4 18. g4 Bxg4 19. hxg4 Nxb5 20. Nxe5 b6 21. Qf3 Qc8 22. Nc4 Qc5 23. Nbd2 Nd4 24. Qe4 Ng6 25.
c3 Ne6 26. d4 Qg5 27. Nf3 Qd8 28. Nfe5 Nxe5 29. Nxe5 Qc7 30. Qe3 Qb7 31. f3 h6 32.
Rb1 Qc7 33. Rb2 f6 34. Nd3 Ng5 35. Nf4 Qc4 36. Rxb6 Qa2 37. Qf2 Qa1+ 38. Kg2 Qxc3 39. d5 Rd8 40. d6 Qe5 41. Qa2+ Kh7 42. Qc2+ Kh8 43. Ng6+ Kh7 44. Nxe5+ 1-0

[Event "*** Titled Tuesday Blitz"]
[Site "Chess.com"]
[Date "2021.02.09"]
[Round "3"]
[White "markowskitomasz"]
[Black "erdni1993"]
[Result "0-1"]
[WhiteElo "2612"]
[BlackElo "2432"]
[TimeControl "180+1"]
[EndTime "10:29:26 PST"]
[Termination "erdni1993 won on time"]

1. d4 Nf6 2. c4 e6 3. g3 c5 4. d5 exd5 5. cxd5 Bd6 6. Nc3 a6 7. a4 O-O 8. Bg2 h6 9. e4 Re8 10. Nge2 Bc7 11. O-O d6 12. h3 Nbd7 13. f4 Rb8 14.
Qd3 Nf8 15. Be3 Ng6 16. g4 Bd7 17. e5 dxe5 18. f5 e4 19. Nxe4 Ne5 20. Qc2 Nxd5 21.
Bxc5 Bb6 22. Qb3 Bc6 23. Rfd1 Bxc5+ 24. Nxc5 Qe7 25. Rac1 Nf6 26. Nf4 Bxg2 27. Nxg2 Rec8 28. Nd3 Nxd3 29. Qxd3 Rxc1 30. Rxc1 Rd8 31. Qe3 Qb4 32. b3 Qd2 33. Qxd2 Rxd2 34. Rc8+ Kh7 35. Rc7 h5 36. g5 Ne4 37. Rxf7 Nxg5 38. Rxb7 Nxh3+ 39. Kh1 Nf2+ 40. Kg1 Ng4 41. Nh4 Rd1+ 42. Kg2 Kh6 43. Rb6+ Kg5 44. Nf3+ Kf4 45. Rb4+ Kxf5 0-1

[Event "*** Titled Tuesday Blitz"]
[Site "Chess.com"]
[Date "2021.02.09"]
[Round "3"]
[White "JQuiroga18"]
[Black "Vesper2018"]
[Result "1-0"]
[WhiteElo "2423"]
[BlackElo "2586"]
[TimeControl "180+1"]
[EndTime "10:29:27 PST"]
[Termination "JQuiroga18 won by resignation"]

1. e4 c5 2. Nf3 d6 3. d4 cxd4 4. Nxd4 Nf6 5. Nc3 a6 6. g3 e5 7. Nde2 Be7 8. Bg2 b5 9. h3 Bb7 10. g4 b4 11. Nd5 Nxd5 12. exd5 Nd7 13. O-O O-O 14. a3 a5 15. Bd2 Qb6 16. c4 Nc5 17.
Ng3 g6 18. Be3 Qc7 19. b3 Rfd8 20. a4 Rd7 21. Ne4 Rf8 22. Bh6 Re8 23. Be3 Qd8 24. Nxc5 dxc5 25. Be4 Bd6 26. Qc2 Qh4 27. Kg2 f6 28. f3 Rf7 29. Bf2 Qh6 30. Qc1 Qxc1 31. Raxc1 f5 32. Bc2 Bc8 33. Rce1 e4 34. gxf5 exf3+ 35. Kxf3 Ref8 36. Kg2 Bxf5 37. Bxf5 Rxf5 38. Bh4 g5 39.
Rxf5 Rxf5 40. Bg3 Bf8 41. Re8 Kf7 42. Ra8 Rf6 43. Rxa5 h5 44. Ra7+ Kg6 45. Rc7 g4 46. hxg4 hxg4 47. Rc6 Kf5 48. Rxf6+ Kxf6 49. a5 Kf5 50. a6 1-0

[Event "*** Titled Tuesday Blitz"]
[Site "Chess.com"]
[Date "2021.02.09"]
[Round "3"]
[White "chenxiaoyuer"]
[Black "LimeInTheCoconut"]
[Result "0-1"]
[WhiteElo "2486"]
[BlackElo "2306"]
[TimeControl "180+1"]
[EndTime "10:29:27 PST"]
[Termination "LimeInTheCoconut won by checkmate"]

1. e4 c5 2. Nf3 e6 3. d4 cxd4 4. Nxd4 Nf6 5. Nc3 Nc6 6. Ndb5 d6 7. Bf4 e5 8. Bg5 a6 9. Na3 b5 10. Nd5 Be7 11. Bxf6 Bxf6 12. c4 O-O 13. cxb5 Nd4 14. b6 Bb7 15. Bc4 Bg5 16. O-O Rb8 17. Qd3 Bxd5 18.
Bxd5 Qxb6 19. Nc4 Qb4 20. f4 Bf6 21. fxe5 Bxe5 22. Rf2 Ne6 23. Raf1 Bd4 24. Qh3 Nf4 25. Qf5 Bxf2+ 26. Rxf2 Nxd5 27. Qxd5 Rbc8 28. b3 Qc5 29.
Qd3 f5 30. exf5 Rce8 31. Kf1 d5 32. Nb2 Qc1+ 33. Nd1 Kh8 34. g3 d4 35. Rc2 Qa1 36. Kg2 Rd8 37. Nf2 Qb1 38. g4 Qe1 39. Re2 Qc3 40. Re6 Qxd3 41. Nxd3 Rfe8 42. Rxa6 Re3 43. Kf1 Rxd3 44. b4 Rc3 45. b5 d3 46. a4 d2 47. b6 d1=Q+ 48. Kf2 Qd2+ 49. Kf1 Rc1# 0-1

[Event "*** Titled Tuesday Blitz"]
[Site "Chess.com"]
[Date "2021.02.09"]
[Round "3"]
[White "champ2005"]
[Black "LEGENYA1998"]
[Result "1-0"]
[WhiteElo "3016"]
[BlackElo "2244"]
[TimeControl "180+1"]
[EndTime "10:29:28 PST"]
[Termination "champ2005 won by resignation"]

1. d4 Nf6 2. Bf4 e6 3. e3 b6 4. Nf3 Bb7 5. Bd3 Be7 6. O-O Ne4 7. c4 O-O 8. Qc2 f5 9. Nc3 Nxc3 10. bxc3 Bxf3 11. gxf3 Bd6 12. Bg3 Nc6 13. f4 a5 14.
a4 Be7 15. Kh1 Bf6 16. e4 g6 17. e5 Bh4 18. Rad1 d5 19. cxd5 Qxd5+ 20. Kg1 Bxg3 21. hxg3 Ne7 22. c4 Qc6 23. Rd2 Rad8 24. Be2 Rd7 25.
Rfd1 Rfd8 26. Bf1 Qb7 27. Bg2 c6 28. Qb3 Kg7 29. Bf3 Qc7 30. Kg2 h6 31. Qe3 Qa7 32.
Rb2 c5 33. Rdb1 cxd4 34. Qd3 Rb8 35. c5 Nd5 36. Bxd5 Rxd5 37. Rxb6 Rxb6 38. cxb6 Qb7 39. Kg1 Rd7 40. Rb5 h5 41. f3 Kh6 42. Kf2 Kg7 43. Rb3 Kh6 44. Qb5 d3 45. Rb1 d2 46. Rd1 Rd4 47. Qe8 Kg7 48. Ke3 Rb4 49. Rxd2 Rb3+ 50. Rd3 Rxd3+ 51. Kxd3 Qxf3+ 52. Kc4 Qe4+ 53. Kb5 Qd5+ 54.
Ka6 Qc4+ 55. Qb5 Qc8+ 56. b7 Qc7 57. b8=Q Qxb8 58. Qxb8 1-0

[Event "*** Titled Tuesday Blitz"]
[Site "Chess.com"]
[Date "2021.02.09"]
[Round "3"]
[White "sakkikuska"]
[Black "Lagmantr"]
[Result "1-0"]
[WhiteElo "2466"]
[BlackElo "2724"]
[TimeControl "180+1"]
[EndTime "10:29:28 PST"]
[Termination "sakkikuska won by resignation"]

1. e4 Nc6 2. Nf3 d6 3. d4 e5 4. Nc3 Bg4 5. dxe5 Nxe5 6. Be2 Nxf3+ 7. Bxf3 Bxf3 8. Qxf3 Qf6 9. Qxf6 Nxf6 10. f3 Be7 11. O-O O-O-O 12. Bf4 c6 13. Rad1 Rhe8 14. Rfe1 g6 15. Re2 Nh5 16. Be3 Bf6 17. Bxa7 Bxc3 18. bxc3 Kc7 19. Be3 Ra8 20. Red2 Red8 21. g4 Ng7 22.
Bf4 Ne8 23. e5 d5 24. e6+ Nd6 25. c4 Ra4 26. e7 Re8 27. Rd4 Kd7 28. cxd5 Rxd4 29.
Rxd4 c5 30. Rd1 Rxe7 31. Kf2 Re8 32. Rb1 Rb8 33. Rb6 Nc4 34. Rb5 Nd6 35. Rxc5 Ra8 36. Bxd6 Kxd6 37. Rb5 Rxa2 38. Rxb7 Rxc2+ 39. Kg3 Rc7 40. Rxc7 Kxc7 41. Kf4 Kd6 42. Ke4 f6 43. Kd4 g5 44. h3 h6 45. Ke4 Kc5 46. Kf5 Kxd5 47. Kxf6 Kd4 48. Kg6 Ke3 49. Kxh6 Kxf3 50. Kxg5 1-0

[Event "*** Titled Tuesday Blitz"]
[Site "Chess.com"]
[Date "2021.02.09"]
[Round "3"]
[White "swisspower96"]
[Black "SARGISMV"]
[Result "1-0"]
[WhiteElo "2668"]
[BlackElo "2423"]
[TimeControl "180+1"]
[EndTime "10:29:28 PST"]
[Termination "swisspower96 won by checkmate"]

1. d4 e6 2. c4 c5 3. d5 exd5 4. cxd5 d6 5. Nc3 a6 6. a4 Ne7 7. e4 Ng6 8. Nge2 Be7 9. g3 O-O 10. Bg2 Bf6 11. O-O Re8 12. h3 Nd7 13. f4 Rb8 14. e5 dxe5 15. f5 Ngf8 16. Ne4 c4 17.
N2c3 b5 18. d6 Bb7 19. Be3 h6 20. Qd2 Nh7 21. axb5 axb5 22. Ba7 b4 23. Nd5 Bxd5 24. Qxd5 Rc8 25. h4 c3 26. bxc3 bxc3 27. Rfc1 c2 28. Qd3 Bxh4 29. gxh4 Qxh4 30. Rxc2 Rxc2 31. Qxc2 Ng5 32.
Qf2 Qg4 33. Nxg5 Qxg5 34. Be3 Qf6 35. Rd1 e4 36. Bd4 Qxd6 37. Re1 Qd5 38. Ba1 Nc5 39.
Qg3 f6 40. Bxf6 Qf7 41. Bd4 Nd3 42. Rxe4 Rxe4 43. Bxe4 Nb4 44. Qb8+ Kh7 45. Qxb4 Qh5 46. f6+ g6 47. Qe7+ Kh8 48. f7+ Kh7 49. f8=Q# 1-0

[Event "*** Titled Tuesday Blitz"]
[Site "Chess.com"]
[Date "2021.02.09"]
[Round "3"]
[White "Spartakus1975"]
[Black "Mihnea2017"]
[Result "1-0"]
[WhiteElo "2587"]
[BlackElo "2398"]
[TimeControl "180+1"]
[EndTime "10:29:28 PST"]
[Termination "Spartakus1975 won by resignation"]

1. e4 c5 2. c3 d5 3. exd5 Qxd5 4. d4 Nc6 5. Nf3 Bf5 6. Be3 Nf6 7. c4 Qd7 8. d5 Nb4 9. Na3 e6 10. Ne5 Qc7 11.
Qa4+ Nd7 12. Bf4 g5 13. Nb5 Qd8 14. Bxg5 Nc2+ 15. Kd1 f6 16. Bxf6 Qc8 17. Rc1 a6 18. Nc3 Rg8 19. Nxd7 Qxd7 20. Qxd7+ Kxd7 21. Rxc2 Bxc2+ 22. Kxc2 exd5 23. Nxd5 Bd6 24. g3 Raf8 25. Bh3+ Kc6 26. Bg2 Kd7 27. Rd1 Rg6 28. Bh3+ Kc6 29. f4 Rgxf6 30.
Nxf6 Rxf6 31. Bg2+ Kc7 32. Rd5 b6 33. Rh5 h6 34. Bd5 Be7 35. Kd3 Bd6 36. b3 Kd8 37. h3 Ke7 38. Ke4 a5 39. Rf5 Bc7 40. Rxf6 Kxf6 41.
g4 Bd6 42. h4 Kg6 43. g5 hxg5 44.
hxg5 Be7 45. Kf3 Kf5 46. Be4+ Ke6 47. Kg4 Kf7 48. a4 Kg7 49. f5 Bd8 50. f6+ 1-0

[Event "*** Titled Tuesday Blitz"]
[Site "Chess.com"]
[Date "2021.02.09"]
[Round "3"]
[White "Heineccius"]
[Black "Kaua18"]
[Result "0-1"]
[WhiteElo "2560"]
[BlackElo "2410"]
[TimeControl "180+1"]
[EndTime "10:29:29 PST"]
[Termination "Kaua18 won on time"]

1. d4 Nf6 2. c4 e6 3. Nc3 Bb4 4. g3 d5 5. Bg2 O-O 6. Nf3 b6 7.
O-O Bb7 8. Ne5 Nbd7 9. Bg5 Be7 10. cxd5 exd5 11. Rc1 h6 12. Bf4 a6 13. Nxd7 Qxd7 14. Bxc7 Qxc7 15. Nxd5 Qd7 16. Nxb6 Qb5 17. Nxa8 Bxa8 18.
Bxa8 Rxa8 19. Qc2 Rb8 20. b3 Ba3 21. Rcd1 Qb7 22. d5 Rc8 23. Qd3 a5 24. e4 Nd7 25. f4 Qb6+ 26. Kh1 Nc5 27. Qc4 Qb8 28. d6 Nd7 29. Qd3 Rc6 30. e5 Rc5 31. Qf3 Rc2 32. Rf2 Qc8 33. Rxc2 Qxc2 34. Re1 Bb4 35. Qe4 Qxa2 36.
Qa8+ Kh7 37. Qe4+ g6 38. e6 Qxb3 39. exd7 Bxe1 40. d8=Q Qd1 41. Qe5 Bc3+ 42. Kg2 Bxe5 0-1

[Event "*** Titled Tuesday Blitz"]
[Site "Chess.com"]
[Date "2021.02.09"]
[Round "3"]
[White "jacky72"]
[Black "wonderfultime"]
[Result "1/2-1/2"]
[WhiteElo "2691"]
[BlackElo "2923"]
[TimeControl "180+1"]
[EndTime "10:29:31 PST"]
[Termination "Game drawn by repetition"]

1. d4 d5 2. c4 c6 3. Nf3 Nf6 4. Nc3 a6 5. cxd5 cxd5 6. Bf4 Nc6 7. e3 Bg4 8. Bd3 e6 9. h3 Bxf3 10. Qxf3 Bd6 11. O-O Bxf4 12. Qxf4 O-O 13. Rac1 Rc8 14. Bb1 Qe7 15. Na4 Qb4 16. b3 a5 17. Nc5 b6 18.
Nd3 Qa3 19. g4 Ne7 20. Rxc8 Rxc8 21. Ne5 h6 22. h4 Rc1 23. Bd3 Rxf1+ 24. Bxf1 Ng6 25.
Nxg6 fxg6 26. Qb8+ Kh7 27. Qxb6 Qxa2 28. f3 Qc2 29.
Qxa5 Qxb3 30. Qd2 Ne8 31. Bd3 Nd6 32. h5 Nc4 33. hxg6+ Kg8 34. Bxc4 dxc4 35. Qa5 Qb1+ 36. Kg2 Qxg6 37. e4 Qf6 38. Qc3 h5 39. Qxc4 hxg4 40.
fxg4 Qg6 41. Qe2 Qg5 42. Kg3 Qc1 43. d5 Qg1+ 44. Kf3 exd5 45. exd5 Qh1+ 46. Qg2 Qd1+ 47.
Kf4 Qd4+ 48. Qe4 Qf2+ 49. Qf3 Qd4+ 50. Kg3 Qg1+ 51. Kh3 Qd4 52. Qf5 Qe3+ 53. Kg2 Qe2+ 54. Kg3 Qe3+ 55. Kh4 Qh6+ 56. Kg3 Qe3+ 57. Kg2 Qe2+ 58.
Kg3 Qe3+ 1/2-1/2

[Event "*** Titled Tuesday Blitz"]
[Site "Chess.com"]
[Date "2021.02.09"]
[Round "3"]
[White "Pertinhez76"]
[Black "AlexSuv"]
[Result "1-0"]
[WhiteElo "2000"]
[BlackElo "2453"]
[TimeControl "180+1"]
[EndTime "10:29:31 PST"]
[Termination "Pertinhez76 won on time"]

1. d4 Nf6 2. Nf3 e6 3. Bf4 b6 4.
e3 Bb7 5. Nbd2 d6 6. Bd3 Nbd7 7. Bg5 Be7 8. O-O O-O 9. e4 e5 10. c3 h6 11. Bh4 Nh5 12. Bg3 Nxg3 13. hxg3 exd4 14.
cxd4 Bf6 15. Re1 Re8 16. Rc1 c5 17. Nc4 Qc7 18. a4 Rad8 19. d5 a6 20. b3 Nf8 21.
Qd2 Ng6 22. Re2 Bc8 23. Rce1 Bg4 24. Ne3 Bc8 25. Nf5 Qb8 26. Re3 b5 27. axb5 axb5 28. R1e2 Ba6 29. Qe1 c4 30. bxc4 bxc4 31. Bc2 c3 32. e5 Nxe5 33. Nxe5 Rxe5 34. Rxe5 Bxe5 35. Rxe5 dxe5 36. Qxc3 Rc8 37. Ne7+ Kh8 38. Nxc8 Bxc8 39. Qc6 Bg4 40. d6 Qd8 41. Qc7 Qd7 42. Be4 Qb5 43. f3 Be6 44. Qd8+ 1-0

[Event "*** Titled Tuesday Blitz"]
[Site "Chess.com"]
[Date "2021.02.09"]
[Round "3"]
[White "Problematique_99"]
[Black "Sjakkerntobi"]
[Result "0-1"]
[WhiteElo "2452"]
[BlackElo "2295"]
[TimeControl "180+1"]
[EndTime "10:29:31 PST"]
[Termination "Sjakkerntobi won by resignation"]

1. e4 e6 2. d3 d5 3. Qe2 Nf6 4. Nf3 Be7 5. g3 O-O 6. Bg2 c5 7. O-O Nc6 8. e5 Nd7 9. c4 b5 10. cxb5 Na5 11. Nc3 Nb6 12. h4 a6 13. bxa6 Bxa6 14.
Bg5 h6 15. Bxe7 Qxe7 16. Rfd1 Nc6 17. Qd2 Rfb8 18. Rac1 Nb4 19. Bf1 Bb7 20. a3 Nc6 21. Qf4 Na5 22. Nb5 Bc6 23. Nd6 Nb3 24. Rc3 Na4 25. Rc2 Na5 26. Rdd2 Nb3 27. Re2 Na1 28. Rcd2 Nb3 29. Rd1 Na5 30. b4 cxb4 31. axb4 Nb7 32. Rc2 Be8 33. Nd4 Nxd6 34. exd6 e5 35. dxe7 exf4 36.
Rb1 fxg3 37. fxg3 Ra7 38. Nf5 g6 39. Nxh6+ Kg7 40. Ng4 Rxe7 41. Bg2 d4 42. Nf2 Nc3 43. Rf1 Rxb4 44. Ne4 Nxe4 45. Bxe4 Bb5 46. Rc5 Rxe4 47.
dxe4 Bxf1 48. Kxf1 Kf6 49. Rd5 Ke6 50. Kf2 f5 51.
Kf3 fxe4+ 52. Kxe4 d3+ 0-1

[Event "*** Titled Tuesday Blitz"]
[Site "Chess.com"]
[Date "2021.02.09"]
[Round "3"]
[White "rogapa"]
[Black "Siemba"]
[Result "0-1"]
[WhiteElo "2727"]
[BlackElo "2519"]
[TimeControl "180+1"]
[EndTime "10:29:32 PST"]
[Termination "Siemba won on time"]

1. e4 d5 2. exd5 Nf6 3. d4 Bg4 4. Be2 Bxe2 5. Qxe2 Qxd5 6. Nf3 e6 7. O-O Nc6 8. c3 O-O-O 9. Nbd2 g5 10. Nc4 Rg8 11. Nfe5 Nxe5 12. Nxe5 Rg7 13. a4 Bd6 14. Re1 Bxe5 15. Qxe5 Qxe5 16. Rxe5 h6 17. g3 Nd7 18.
Re2 c5 19. Be3 c4 20. d5 exd5 21. Bxa7 b6 22. a5 Kb7 23. axb6 f5 24. Re6 Nc5 25. Rxh6 d4 26. cxd4 Rxd4 27. Re1 Rd2 28. Re8 Nd7 29. Ree6 Rxb2 30. Rc6 Ne5 31. Rc5 Nd3 32. Rxc4 Rb1+ 33. Kg2 Ne1+ 34. Kf1 g4 35. Re6 Nf3+ 36. Ke2 Re1+ 37.
Kd3 Rxe6 38. Rc5 Rd7+ 39. Kc2 Rc6 40. Rxc6 Kxc6 41. Kc3 Kb7 42. Kc4 Rd2 43. Kc5 Rxf2 44. Kd5 Rxh2 45. Ke6 f4 46. Kf5 fxg3 47. Kxg4 g2 48.
Kxf3 g1=Q 49. Kf4 Rf2+ 0-1

[Event "*** Titled Tuesday Blitz"]
[Site "Chess.com"]
[Date "2021.02.09"]
[Round "3"]
[White "sergeikim"]
[Black "Marty435"]
[Result "1-0"]
[WhiteElo "2423"]
[BlackElo "2583"]
[TimeControl "180+1"]
[EndTime "10:29:32 PST"]
[Termination "sergeikim won by checkmate"]

1. d4 d5 2. c4 e6 3. Nc3 Nf6 4. Nf3 Nbd7 5. Bf4 c6 6. e3 Bb4 7.
Bd3 dxc4 8. Bxc4 Nd5 9. Bxd5 exd5 10. Rc1 Nf6 11. O-O O-O 12. Ne5 Bd6 13. Bg5 Re8 14. f4 Be7 15. Qf3 Nd7 16. Bxe7 Qxe7 17. Rce1 f6 18.
Nd3 Nb6 19. b3 Bf5 20. Nf2 Qb4 21. Rc1 a5 22. g4 Bd7 23. Nd3 Qe7 24. Rce1 a4 25.
Nc5 axb3 26. axb3 Bc8 27. f5 Nd7 28. Ne6 Nf8 29. Nf4 Ra3 30. e4 dxe4 31. Nxe4 Qd8 32.
Qc3 Kh8 33. Nc5 b6 34. Ne4 Ra2 35. Qc4 Ba6 36. Qxc6 Bxf1 37. Kxf1 Rxh2 38. Ne6 Nxe6 39. fxe6 Rh1+ 40. Ke2 Rxe1+ 41. Kxe1 Re7 42. d5 Rc7 43. Qd6 Rc8 44. Qxd8+ Rxd8 45. e7 Ra8 46. d6 Kg8 47.
d7 Kf7 48. d8=Q Ra1+ 49. Ke2 Ra2+ 50. Ke3 Kg6 51. e8=Q+ Kh6 52. Qh5# 1-0